 Dungeon Crawl Stone Soup version 0.21.1-1-g345015fe64 (webtiles) character file.

584 Emandoog the Shield-Bearer (level 7, -12/62 HPs)
             Began as a Minotaur Fighter on July 4, 2018.
             Splashed by Pikel's acid (14 damage)
             ... on level 6 of the Dungeon.
             The game lasted 00:21:12 (3168 turns).

Emandoog the Shield-Bearer (Minotaur Fighter)       Turns: 3168, Time: 00:21:13

Health: -12/62     AC:  6    Str: 23    XL:     7   Next: 14%
Magic:  6/6        EV:  7    Int:  5    God:
Gold:   196        SH: 11    Dex: 14    Spells: 6/6 levels left

rFire    . . .     SeeInvis .   a - +0 long sword
rCold    . . .     Gourm    .   c - +0 shield
rNeg     . . .     Faith    .   F - +0 chain mail
rPois    .         Spirit   .   (helmet restricted)
rElec    .         Reflect  .   B - +0 cloak
rCorr    .         Harm     .   t - +2 pair of gloves
MR       .....                  (no boots)
Stlth    ..........             (no amulet)
HPRegen  0.20/turn              l - +5 ring of dexterity
MPRegen  0.10/turn              (no ring)

@: corroded
A: retaliatory headbutt, horns 2
a: no special abilities


You were on level 6 of the Dungeon.
You were not hungry.

You visited 1 branch of the dungeon, and saw 8 of its levels.

You collected 196 gold pieces.

Inventory:

Hand Weapons
 a - a +0 long sword (weapon)
 p - a cursed +0 spear
 w - a +1 dire flail of protection
 E - a +0 long sword
Armour
 b - a +0 scale mail
 c - a +0 shield (worn)
 s - a +0 pair of gloves
 t - a +2 pair of gloves (worn)
 x - a +0 ring mail
 y - the +3 leather armour of Death's Door {+Blink Regen+ Str-2, unknown}
   (You found it on level 4 of the Dungeon)

   It affects your strength (-2).
   It lets you blink.
   It increases your rate of regeneration.
 B - a +0 cloak (worn)
 F - a +0 chain mail (worn)
Jewellery
 l - a +5 ring of dexterity (left hand)
 n - an uncursed amulet of faith
Wands
 D - a wand of disintegration (10)
Scrolls
 e - 6 scrolls of identify
 h - 2 scrolls of blinking {unknown}
 j - a scroll of amnesia {unknown}
 m - 4 scrolls of enchant armour {unknown}
 q - 2 scrolls of teleportation {unknown}
 r - a scroll of magic mapping {unknown}
 u - a scroll of fog {unknown}
 z - a scroll of remove curse {unknown}
 C - 2 scrolls of immolation {unknown}
 H - a scroll of enchant weapon {unknown}
Potions
 d - a potion of might
 g - 2 potions of mutation {unknown}
 i - 3 potions of heal wounds {unknown}
 k - 3 potions of curing {unknown}
 o - 2 potions of brilliance {unknown}
 v - a potion of lignification {unknown}
 A - a potion of ambrosia {unknown}
 G - a potion of agility {unknown}
Comestibles
 f - 12 rations


   Skills:
 * Level 5.8 Fighting
 + Level 5.2 Long Blades
 + Level 4.7 Armour
 + Level 2.0 Dodging
 + Level 0.1 Stealth
 * Level 6.1 Shields


You had 6 spell levels left.
You didn't know any spells.

Dungeon Overview and Level Annotations

Branches:
Dungeon (8/15)
 Temple: D:4-7         Lair: D:8-11

Altars:
Cheibriados
Wu Jian

Annotations:
D:6 Pikel


Innate Abilities, Weirdness & Mutations

You reflexively headbutt those who attack you in melee.
You have a pair of horns on your head.


Message History

You closely miss the slave.
The slave is severely wounded.
The slave hits you. x2
You hit the slave.
The slave is almost dead.
You closely miss Pikel. Your headbutt misses Pikel.
The crimson imp grinds its teeth.
The crimson imp blinks!
Pikel says, "Who am I kidding?
They'll work you to death!" Pikel hits you but does no damage.
You are electrocuted!
A gnoll comes into view.
Pikel zaps a wand.
The bolt of acid hits you!
* * * LOW HITPOINT WARNING * * *
The acid corrodes you!
You are splashed with acid!
The acid burns!
* * * LOW HITPOINT WARNING * * *
It is a wand of acid (10).
Pikel zaps a wand.
The bolt of acid hits you!
* * * LOW HITPOINT WARNING * * *
The acid corrodes you!
You are splashed with acid!
The acid burns!
You die...

......... ..
.g....... #######.
#........ #.......
#5....... #......#
#........ #......#
#g....... #......#
#........
#......#####pgg.....
#....>@..K.p########
#........p..#
#........†..#
#####+#.....#
+.....+ #.....#
#....... #.......
#.......


You could see Pikel, 3 slaves and a gnoll.

Vanquished Creatures
  Edmund (D:3)
  The ghost of Artool the Skirmisher, an amateur DsBe of Trog (D:3)
  A hound (D:4)
  A centaur skeleton (D:2)
  2 bullfrog skeletons (D:4)
  Natasha (twice) (D:4)
  4 worker ants
  4 adders
  A gnoll (D:6)
  A shadow imp (D:4)
  An ooze (D:2)
  2 worms
  A dart slug (D:2)
  3 leopard geckos
  4 giant cockroaches
  7 goblins
  6 hobgoblins
  7 jackals
  7 kobolds
  3 quokkas
  A ball python (D:1)
  7 bats
  2 frilled lizards
  4 rats
73 creatures vanquished.

Notes
Turn   | Place    | Note
-------+----------+-------------------------------------------
     0 | D:1      | Emandoog the Minotaur Fighter began the quest for the Orb.
     0 | D:1      | Reached XP level 1. HP: 19/19 MP: 0/0
   131 | D:1      | Reached XP level 2. HP: 24/27 MP: 1/1
   350 | D:1      | Reached skill level 4 in Shields
   914 | D:2      | Reached XP level 3. HP: 29/33 MP: 2/2
  1015 | D:2      | Reached XP level 4. HP: 41/41 MP: 3/3
  1019 | D:2      | Found a snail-covered altar of Cheibriados.
  1022 | D:2      | Found an ornate altar of the Wu Jian Council.
  1067 | D:3      | Noticed Artool's ghost (amateur DsBe)
  1745 | D:3      | Killed Artool's ghost
  1745 | D:3      | Reached skill level 5 in Fighting
  1745 | D:3      | Reached skill level 1 in Dodging
  1745 | D:3      | Reached skill level 5 in Shields
  1745 | D:3      | Reached XP level 5. HP: 42/48 MP: 4/4
  1832 | D:4      | Noticed Edmund
  1833 | D:4      | Noticed Natasha
  1849 | D:3      | Killed Edmund
  1849 | D:3      | Reached XP level 6. HP: 48/56 MP: 5/5
  1934 | D:4      | Killed Natasha
  1940 | D:4      | Got a distressingly furry leather armour
  2328 | D:4      | Noticed Natasha
  2513 | D:4      | Killed Natasha
  2513 | D:4      | Reached skill level 5 in Long Blades
  2712 | D:3      | Reached XP level 7. HP: 62/62 MP: 6/6
  2988 | D:5      | Entered Level 5 of the Dungeon
  3105 | D:4      | You fall through a shaft for 3 floors!
  3127 | D:7      | Reached skill level 6 in Shields
  3153 | D:6      | Noticed Pikel
  3168 | D:6      | HP: 2/62 [Pikel/wand of acid (10) (6)]
  3168 | D:6      | Splashed by Pikel's acid

Skill      XL: |  1  2  3  4  5  6  7 |
---------------+----------------------+-----
Shields        | 4 5 6 |  6.1
Fighting       | 4 5 |  5.8
Armour         | 4 |  4.7
Long Blades    | 3 4 5 |  5.2
Dodging        | 1 2 |  2.0
Stealth        | |  0.1

Action                   |  1- 3 |  4- 6 |  7- 9 || total
-------------------------+-------+-------+-------++-------
Melee: Long sword        |    67 |   113 |    27 ||   207
       Headbutt          |    17 |    30 |     6 ||    53
       Unarmed           |       |     2 |       ||     2
  Use: Scroll            |     1 |     2 |       ||     3
  Eat: Ration            |       |     2 |       ||     2
       Chunk             |       |     1 |       ||     1
Armor: Scale mail        |    21 |    61 |     1 ||    83
       Skin              |       |     4 |       ||     4
       Chain mail        |       |       |     8 ||     8
Dodge: Dodged            |    14 |    37 |     4 ||    55
Block: Shield            |    44 |    67 |     9 ||   120
       Rpst.: Long sword |     4 |    13 |     2 ||    19
